 Dungeon Crawl Stone Soup version 0.31-a0-466-g98c9adc2b6 (webtiles) character file.

Game seed: 9270573841454943887

176 HallandMoats the Trooper (level 5, -1/4 HPs)
             Began as a Demonspawn Monk on Aug 6, 2023.
             Killed from afar by Natasha (5 damage)
             ... with a magic dart
             ... on level 3 of the Dungeon.
             The game lasted 00:05:27 (2471 turns).

HallandMoats the Trooper (Demonspawn Monk)          Turns: 2471, Time: 00:05:29

Health: -1/4       AC:  2    Str: 14    XL:     5   Next: 30%
Magic:  7/7        EV: 14    Int: 11    God:
Gold:   106        SH:  0    Dex: 15    Spells: 4/4 levels left

rFire   + . .        a - melded +0 hand axe (freeze)
rCold   . . .        d - melded orb {light}
rNeg    . . .        r - +0 leather armour
rPois   .            (no helmet)
rElec   .            h - +1 cloak
rCorr   .            (gloves currently unavailable)
SInv    .            (no boots)
Will    .....        l - amulet of regeneration
Stlth   +            p - ring of protection from fire
HPRegen 1.00/turn    (no ring)
MPRegen 0.10/turn

%: no passive effects
@: blade hands
A: reduced hp, claws 1, repulsion field 1, powered by pain 1
a: Begin Untransformation


You were on level 3 of the Dungeon.
You had blades for hands.
You visited 1 branch of the dungeon, and saw 3 of its levels.

You collected 128 gold pieces.
You spent 22 gold pieces at shops.

Inventory:

Hand Weapons
 a - a +0 hand axe of freezing (melded)
Missiles
 q - a throwing net
Armour
 d - an orb of light (melded)
 h - a +1 cloak (worn)
 r - a +0 leather armour (worn)
Jewellery
 f - a +6 ring of intelligence
 l - an amulet of regeneration (around neck)
 p - a ring of protection from fire (left blade hand)
Talismans
 b - a blade talisman (active)
Scrolls
 e - a scroll of acquirement {unknown}
 g - a scroll of noise {unknown}
 j - 2 scrolls of identify
 m - a scroll of teleportation {unknown}
 o - a scroll of revelation
Potions
 c - a potion of ambrosia
 i - a potion of might {unknown}
 k - a potion of degeneration {unknown}
 n - a potion of lignification {unknown}


   Skills:
 + Level 4.0 Fighting
 - Level 2.9 Axes
 - Level 2.6 Dodging
 * Level 2.9 Unarmed Combat
 + Level 3.1 Invocations


You had 4 spell levels left.
You didn't know any spells.
Your spell library was empty.

Dungeon Overview and Level Annotations

Branches:
Dungeon (3/15)

Altars:
Gozag
Wu Jian

Shops:
D:2 ?

Annotations:
D:3 Natasha


Innate Abilities, Weirdness & Mutations

You have blades for hands.
Your maximum health is decreased, since you lack skill for your form.
Your spellcasting is less reliable in this form.
You are incapable of wielding weapons or throwing items.
You have sharp fingernails.
You are surrounded by a mild repulsion field. (EV +2)
You sometimes gain a little power by taking damage.


Message History

Found 19 gold pieces.
A hobgoblin comes into view.
The hobgoblin shouts!
Found 3 scrolls labelled WUZOHU OQAUWN.
The orc barely misses you.
You hit the orc. You freeze the orc.
The orc is almost dead.
The orc hits you but does no damage. The orc hits you with a +0 trident.
You hit the orc. You freeze the orc.
You kill the orc!
You hit the hobgoblin. You freeze the hobgoblin.
The hobgoblin is heavily wounded.
The hobgoblin misses you.
You hit the hobgoblin. You freeze the hobgoblin.
The hobgoblin is almost dead.
The hobgoblin hits you.
You hit the hobgoblin but do no damage.
The hobgoblin is almost dead.
The hobgoblin hits you.
You barely miss the hobgoblin.
The hobgoblin is almost dead.
The hobgoblin hits you but does no damage.
The hobgoblin hits you but does no damage.
You hit the hobgoblin. You freeze the hobgoblin.
You kill the hobgoblin!
You see here a blade talisman.
b - a blade talisman You begin transforming.
You continue transforming. x3
Your claws turn into razor-sharp scythe blades.
Your +0 hand axe of freezing melds into your body.
Your orb of light melds into your body.
Your +0 hand axe of freezing stops glowing.
HP restored.
Unknown command.
You begin untransforming.
You continue untransforming.
Keep transforming yourself?
You continue untransforming.
Natasha stares at you and mumbles some strange words.
The magic dart hits you.
Ouch! That really hurt!
You die...

#.#.#### ... #.###
#.#.h..####
###.###.#..
#(#.......##
........#..
.######...........##
........)..
#.......#..........##
#.......##.
.########S###.####$.#
####....##. #.#
#...##..## ####.##.
#S# #....#...#
###...##. #.#
#...@#...# ##.....##.


#gg #?.......###......##. #gg ######)...##..###.##. #.. #....#...###.# #.).
###....#...##..# ................# ################# You could see Natasha.

Vanquished Creatures
  Jessica (D:2)
  Natasha (D:3)
  4 adders
  2 gnolls (D:2)
  A dart slug (D:2)
  An orc (D:3)
  8 ball pythons
  8 bats
  4 endoplasms (D:1)
  A giant cockroach (D:1)
  3 goblins
  10 hobgoblins
  7 jackals (D:2)
  3 quokkas (D:2)
  5 frilled lizards
  2 kobolds
  5 rats
66 creatures vanquished.

Notes
Turn   | Place    | Note
-------+----------+-------------------------------------------
     0 | D:1      | HallandMoats the Demonspawn Monk began the quest for the
                  | Orb.
     0 | D:1      | Reached XP level 1. HP: 18/18 MP: 1/1
   130 | D:1      | Reached skill level 1 in Invocations
   143 | D:1      | Gained mutation: You have sharp fingernails. [demonic
                  | ancestry]
   143 | D:1      | Reached XP level 2. HP: 24/24 MP: 2/2
   862 | D:1      | Reached skill level 1 in Unarmed Combat
   912 | D:1      | You fall into a shaft and drop 1 floor!
   936 | D:2      | Found Qaloun's Magic Scroll Emporium.
   939 | D:2      | Bought a scroll of identify for 22 gold pieces
  1355 | D:2      | Gained mutation: You are surrounded by a mild repulsion
                  | field. (EV +2) [demonic ancestry]
  1355 | D:2      | Reached XP level 3. HP: 29/29 MP: 4/4
  1521 | D:2      | Found an opulent altar of Gozag.
  1644 | D:2      | Noticed Jessica
  1652 | D:2      | Killed Jessica
  1653 | D:2      | Reached XP level 4. HP: 36/36 MP: 5/5
  2158 | D:3      | Noticed a gnoll sergeant
  2359 | D:3      | Noticed Natasha
  2360 | D:3      | Found an ornate altar of the Wu Jian Council.
  2371 | D:3      | Killed Natasha
  2372 | D:3      | Gained mutation: You sometimes gain a little power by
                  | taking damage. [demonic ancestry]
  2372 | D:3      | Reached XP level 5. HP: 15/42 MP: 7/7
  2418 | D:3      | Reached skill level 4 in Fighting
  2470 | D:3      | Noticed Natasha
  2471 | D:3      | Killed from afar by Natasha

Illustrated notes

Levels and vault maps discovered:
D:1:      wheals_arrival_linesprint, layout_loops_corners, serial_bayou_lagoon_a
D:2:      layout_loops_ring, serial_shops, nicolae_shop_tiny_real_fake_doors,
          basic_altar, minmay_box_of_dots, uniq_jessica
D:3:      minmay_recursive_quarters, layout_loops_ring,
          nzn_wu_jian_contemplation, hellmonk_ecumenical_altar_heavens_door,
          uniq_natasha

Skill      XL: |  1  2  3  4  5 |
---------------+----------------+-----
Invocations    | 1 2 3 |  3.1
Unarmed Combat | 1 2 |  2.9
Fighting       | 4 |  4.0
Axes           | |  2.9
Dodging        | |  2.6

Action                     |  1- 3 |  4- 6 || total
---------------------------+-------+-------++-------
  Melee: Hand axe          |   103 |    70 ||   173
    Use: Scroll            |     2 |       ||     2
 Armour: Robe              |    32 |    10 ||    42
         Leather armour    |       |     8 ||     8
  Dodge: Dodged            |    65 |    50 ||   115
         Form:             |       |     1 ||     1
         Blade             |       |     1 ||     1

Table legend: (Time is in decaauts)
 A = Elapsed time spent in this place.
 B = Non-inter-level travel time spent in this place.
 C = Inter-level travel time spent in this place.
 D = Time resting spent in this place.
 E = Time spent auto-exploring this place.
 F = Levels seen in this place.
 G = Mean time per level.
                   A        B        C        D        E       F      G
               +--------+--------+--------+--------+--------+-----+--------+
         Total |   2517 |   2259 |    258 |     51 |   1613 |   3 |  839.0 |
       Dungeon |   2517 |   2259 |    258 |     51 |   1613 |   3 |  839.0 |
               +--------+--------+--------+--------+--------+-----+--------+

Top non-repeatable levels by time:
     D:1: 1395 daAuts
     D:2: 944 daAuts
     D:3: 177 daAuts
